 Dungeon Crawl Stone Soup version 0.27-a0-1144-g0b7d3b79db (webtiles) character file.

Game seed: 11857302851463127399

6231 jien the Cleaver (level 10, -1/65 HPs)
             Began as a Gargoyle Fighter on May 10, 2021.
             Was an Initiate of Gozag.
             Slain by a two-headed ogre
             ... wielding a +0 giant club
              (17 damage)
             ... on level 8 of the Dungeon.
             The game lasted 00:13:44 (9053 turns).

jien the Cleaver (Gargoyle Fighter)                 Turns: 9053, Time: 00:13:45

Health: -1/65      AC: 18    Str: 27    XL:     10   Next: 92%
Magic:  10/10      EV:  6    Int: 10    God:    Gozag
Gold:   1220       SH: 22    Dex:  9    Spells: 9/9 levels left

rFire    . . .     SeeInvis .   b - +2 war axe of Demonkind {vorpal, rC- Str+5}
rCold    . . .     Faith    .   z - +0 tower shield
rNeg     + . .     Spirit   .   C - +0 scale mail
rPois    ∞         Reflect  +   B - +2 hat
rElec    +         Harm     .   w - +0 cloak
rCorr    +         Rampage  .   (no gloves)
Will     .....                  (no boots)
Stlth    ..........             v - amulet of reflection
HPRegen  0.20/turn              h - ring of resist corrosion
MPRegen  0.12/turn              r - ring of protection from cold

@: gold aura
A: sickness immunity, AC +7, negative energy resistance 1, electricity
resistance, torment resistance 1, petrification resistance
a: Renounce Religion, Potion Petition, Call Merchant, Bribe Branch


You were on level 8 of the Dungeon.
You worshipped Gozag.
Gozag was most pleased with you.
You visited 2 branches of the dungeon, and saw 10 of its levels.

You collected 1264 gold pieces.
You paid 44 gold pieces to Gozag.

Inventory:

Hand Weapons
 a - a +0 war axe
 b - the +2 war axe of Demonkind (weapon) {vorpal, rC- Str+5}
   (You found it on level 7 of the Dungeon)

   It inflicts extra damage upon your enemies.
   It affects your strength (+5).
   It makes you vulnerable to cold.
Armour
 w - a +0 cloak (worn)
 z - a +0 tower shield (worn)
 B - a +2 hat (worn)
 C - a +0 scale mail (worn)
Jewellery
 h - a ring of resist corrosion (left hand)
 r - a ring of protection from cold (right hand)
 v - an amulet of reflection (around neck)
Wands
 p - a wand of paralysis (10)
 y - a wand of iceblast (22)
Scrolls
 c - a scroll of fog
 j - 3 scrolls of immolation
 k - 2 scrolls of magic mapping
 m - a scroll of teleportation
 q - a scroll of summoning
 s - a scroll of noise
 t - a scroll of enchant weapon
 u - a scroll of silence
 E - a scroll of amnesia {unknown}
 G - a scroll of enchant armour {unknown}
 H - a scroll of identify
Potions
 d - 2 potions of might
 e - 3 potions of lignification
 f - a potion of brilliance {unknown}
 g - 2 potions of heal wounds {unknown}
 i - a potion of haste {unknown}
 l - a potion of mutation {unknown}
 n - a potion of degeneration {unknown}
 o - a potion of resistance {unknown}
 x - a potion of berserk rage {unknown}
 A - 2 potions of curing {unknown}
 D - a potion of attraction {unknown}
 F - 2 potions of flight {unknown}
 I - a potion of magic {unknown}


   Skills:
 + Level 8.7 Fighting
 * Level 9.5 Axes
 + Level 8.6 Armour
 + Level 8.6 Shields


You had 9 spell levels left.
You didn't know any spells.
Your spell library contained the following spells:

 Spells                   Type           Power      Damage    Failure   Level
 Animate Skeleton         Necr           0%         N/A       99%         1
 Beastly Appendage        Tmut           0%         N/A       99%         1
 Corona                   Hex            0%         N/A       99%         1
 Pain                     Necr           0%         1d4       99%         1
 Slow                     Hex            0%         N/A       100%        2
 Wereblood                Tmut           0%         N/A       100%        2
 Inner Flame              Hex/Fire       0%         N/A       100%        3
 Portal Projectile        Hex/Tloc       0%         N/A       100%        3
 Spider Form              Tmut/Pois      0%         N/A       100%        3
 Vampiric Draining        Necr           0%         2d6       100%        3
 Animate Dead             Necr           0%         N/A       100%        4
 Cause Fear               Hex            0%         N/A       100%        4
 Ice Form                 Ice/Tmut       0%         N/A       100%        4
 Leda's Liquefaction      Hex/Erth       0%         N/A       100%        4
 Agony                    Necr           0%         N/A       100%        5
 Hydra Form               Tmut           0%         N/A       100%        5


Dungeon Overview and Level Annotations

Branches:
Dungeon (9/15)             Temple (1/1) D:4
   Lair: D:8-11         Orc: D:9-12

Altars:
Ashenzari
Cheibriados
Dithmenos
Elyvilon
Fedhas
Gozag
Hepliaklqana
Kikubaaqudgha
Makhleb
Nemelex Xobeh
Okawaru
Ru
Sif Muna
Trog
Uskayaw
Vehumet
Wu Jian
Xom
Yredelemnul
Zin

Shops:
D:4 ([*?


Innate Abilities, Weirdness & Mutations

You are immune to sickness and miasma.
Your stone body is resilient. (AC +7)
You are immune to poison.
You resist negative energy. (rN+)
You are resistant to electric shocks. (rElec)
You are resistant to unholy torment.
You are immune to petrification.


Message History

The centaur warrior is heavily wounded.
You slash the two-headed ogre!
The centaur warrior hits you but does no damage.
You block the centaur warrior's attack.
You block the two-headed ogre's attack. x2
The centaur warrior hits you but does no damage.
You block the centaur warrior's attack.
You slash the centaur warrior!
The centaur warrior is almost dead.
You slash the two-headed ogre!
You block the centaur warrior's attack. x2
The two-headed ogre hits you with a +0 giant club.
You block the two-headed ogre's attack.
The centaur warrior hits you but does no damage.
The centaur warrior kicks you but does no damage.
You hit the centaur warrior.
The centaur warrior is almost dead.
You barely miss the two-headed ogre.
You block the centaur warrior's attack. x2
The two-headed ogre hits you but does no damage.
The two-headed ogre hits you with a +0 dire flail.
The centaur warrior hits you with a +4 spear of freezing!
The centaur warrior freezes you.
The centaur warrior kicks you but does no damage.
You slash the centaur warrior!
You kill the centaur warrior!
You hit the two-headed ogre.
The two-headed ogre hits you with a +0 giant club!
The two-headed ogre hits you with a +0 dire flail.
* * * LOW HITPOINT WARNING * * *
You are too injured to fight recklessly!
Unknown command.
You are too injured to fight recklessly!
You are too injured to fight recklessly!
You are too injured to fight recklessly!
Unknown command.
You slash the two-headed ogre!
The two-headed ogre is severely wounded.
The two-headed ogre hits you with a +0 giant club.
* * * LOW HITPOINT WARNING * * *
The two-headed ogre hits you with a +0 dire flail!
You die...
Your body crumbles into a pile of gold.

##...............###.# #######
##...#.#.###.# #.##.#
......######..##.#.###.# #....#
..###......#........##.###.####
..###......###'###..##....##
...........##8.8##.......##
........#####8)8#####..###
.>.##)..#.#.#8.8#.#.#.##
........##..'.$.@$(##.##
##.##..##...##8##O..#..#
#.##..##'## ######'##.# #######
##.....#. #..#.# #......
....#..# #u.#.####.##..#
....#.## #$.#......#....
......# ..⌠FyyOu##..........#
....### .⌠.SSC###.......##...
....# ⌠...⌠l #...####......


You could see a two-headed ogre.

Vanquished Creatures
  A centaur warrior (D:8)
  2 two-headed ogres
  Pikel (D:5)
  An acid dragon (D:8)
  A water moccasin (D:8)
  2 orc warriors
  An ice beast (D:7)
  A black bear (D:6)
  3 ogres
  6 centaurs
  4 kobold brigands
  3 bullfrogs
  A gnoll sergeant (D:7)
  3 scorpions
  7 killer bees (D:8)
  9 wights
  4 crimson imps (D:4)
  3 centaur zombies
  2 hounds
  2 jellies
  5 orc priests
  5 iguanas
  Jessica (D:2)
  A bullfrog skeleton (D:6)
  Terence (D:2)
  4 orc wizards
  A hound skeleton (D:5)
  Robin (D:2)
  A howler monkey skeleton (D:5)
  5 adders
  9 gnolls
  A white imp (D:6)
  3 ufetubi
  2 worms (D:3)
  18 orcs
  7 endoplasms
  7 giant cockroaches
  21 goblins
  6 hobgoblins
  11 jackals
  24 kobolds
  4 quokkas
  8 ball pythons
  3 bats
  2 frilled lizards
  5 rats
213 creatures vanquished.

Notes
Turn   | Place    | Note
-------+----------+-------------------------------------------
     0 | D:1      | jien the Gargoyle Fighter began the quest for the Orb.
     0 | D:1      | Reached XP level 1. HP: 14/14 MP: 1/1
    98 | D:1      | Reached XP level 2. HP: 19/19 MP: 2/2
   174 | D:1      | Reached skill level 2 in Axes
   474 | D:1      | Reached XP level 3. HP: 20/23 MP: 3/3
   622 | D:1      | Found a faded altar of an unknown god.
  1329 | D:2      | Noticed Terence
  1336 | D:2      | Killed Terence
  1337 | D:2      | Reached XP level 4. HP: 29/29 MP: 4/4
  1612 | D:2      | Noticed Robin
  1622 | D:2      | Killed Robin
  1623 | D:2      | Reached skill level 3 in Axes
  1896 | D:2      | Noticed Jessica
  1905 | D:2      | Killed Jessica
  1906 | D:2      | Reached XP level 5. HP: 28/33 MP: 5/5
  2794 | D:4      | Found a staircase to the Ecumenical Temple.
  2827 | Temple   | Entered the Ecumenical Temple
  3097 | Temple   | Became a worshipper of Gozag Ym Sagoz the Greedy
  3278 | D:4      | Reached XP level 6. HP: 15/39 MP: 6/6
  3697 | D:4      | Reached skill level 4 in Axes
  3906 | D:4      | Found Qoam Gir's General Store.
  3911 | D:4      | Found a snail-covered altar of Cheibriados.
  3947 | D:4      | Found a shimmering altar of Xom.
  3970 | D:4      | Reached XP level 7. HP: 35/44 MP: 7/7
  4028 | D:4      | Reached skill level 5 in Fighting
  4028 | D:4      | Reached skill level 5 in Armour
  4110 | D:4      | Noticed a +0 spear
  4111 | D:4      | Noticed a +0 short sword
  4111 | D:4      | Noticed a +0 dagger
  4111 | D:4      | Noticed a +0 short sword
  4111 | D:4      | Noticed a +0 falchion
  4111 | D:4      | Noticed a +0 falchion
  4112 | D:4      | Noticed a +0 dagger
  4114 | D:4      | Noticed a +0 spear
  4118 | D:4      | Found a hide-covered altar of Uskayaw.
  4200 | D:4      | Found Xupoypsa's Weapon Emporium.
  4222 | D:4      | Reached skill level 5 in Shields
  4572 | D:4      | Identified the +0 ring mail "Ceciahim" {rN+}
  4604 | D:4      | Found Guwoytzi's Magic Scroll Boutique.
  4731 | D:4      | Found Cuaj's Antique Armour Shop.
  4768 | D:4      | Reached skill level 5 in Axes
  4934 | D:5      | Entered Level 5 of the Dungeon
  5021 | D:5      | Reached XP level 8. HP: 44/50 MP: 8/8
  5431 | D:5      | Reached skill level 6 in Axes
  5437 | D:5      | Noticed Pikel
  5465 | D:5      | Killed Pikel
  5466 | D:5      | Reached XP level 9. HP: 46/56 MP: 9/9
  5812 | D:6      | Reached skill level 7 in Axes
  7040 | D:7      | Identified the +2 war axe of Demonkind {vorpal, rC- Str+5}
  7348 | D:7      | Reached skill level 8 in Axes
  7511 | D:7      | Found an iron altar of Okawaru.
  7550 | D:7      | Reached XP level 10. HP: 60/63 MP: 10/10
  8130 | D:8      | Noticed a two-headed ogre
  8133 | D:8      | Noticed a purple ugly thing
  8136 | D:8      | Noticed a cyclops
  8137 | D:8      | Noticed a two-headed ogre
  8137 | D:8      | Noticed a purple ugly thing
  8144 | D:8      | Killed a two-headed ogre
  8595 | D:8      | Found a blossoming altar of Fedhas.
  8683 | D:9      | Noticed a two-headed ogre
  8696 | D:9      | Killed a two-headed ogre
  8697 | D:9      | Reached skill level 9 in Axes
  9037 | D:8      | Noticed a centaur warrior
  9052 | D:8      | Killed a centaur warrior
  9053 | D:8      | Slain by a two-headed ogre

Illustrated notes

Levels and vault maps discovered:
D:1:      giann_bridges, layout_loops_ring, ebering_ecumenical_altar_mist
D:2:      layout_basic, kennysheep_doodads, uniq_jessica, uniq_robin,
          uniq_terence
D:3:      layout_loops_ring
D:4:      layout_loops_cross, led_xom_imps, nicolae_uskayaw_en_pointe,
          cheibriados_altar_1, minmay_temple_entry_slanted, serial_shops,
          kennysheep_mini, shop_fountains, kennysheep_little_box,
          nicolae_shop_waterfront, minmay_pentangle
D:5:      layout_rooms, uniq_pikel
D:6:      layout_loops_ring
D:7:      layout_basic, okawaru_gym_becter
D:8:      minmay_chambers_of_sevens, layout_loops_cross, marbit_many_paths,
          enter_ossuary_5, minmay_misc_feat_columns
D:9:      layout_cross, lemuel_doored_altar, lair_entry_dummy, orc_0_dummy,
          minmay_fractal_squares_gapless_7
Temple:   regret_index_temple_generic_petals

Skill      XL: |  1  2  3  4  5  6  7  8  9 10 |
---------------+-------------------------------+-----
Axes           | 2 3 4 5 6 8 9 |  9.5
Fighting       | 4 5 6 7 8 |  8.7
Armour         | 4 5 6 7 8 |  8.6
Shields        | 4 5 6 7 8 |  8.6

Action                   |  1- 3 |  4- 6 |  7- 9 | 10-12 || total
-------------------------+-------+-------+-------+-------++-------
Melee: War axe           |   138 |   214 |   432 |    94 ||   878
  Use: Scroll            |       |       |    10 |     1 ||    11
 Stab: Invisible         |       |       |     2 |       ||     2
       Distracted        |       |       |     1 |       ||     1
Armor: Scale mail        |    85 |   160 |   198 |    50 ||   493
Dodge: Dodged            |    43 |    95 |    98 |    14 ||   250
Block: Kite shield       |    73 |   163 |   116 |       ||   352
       Tower shield      |       |       |   348 |   144 ||   492
       Reflection        |       |       |    20 |    10 ||    30

Table legend: (Time is in decaauts)
 A = Elapsed time spent in this place.
 B = Non-inter-level travel time spent in this place.
 C = Inter-level travel time spent in this place.
 D = Time resting spent in this place.
 E = Time spent auto-exploring this place.
 F = Levels seen in this place.
 G = Mean time per level.
                   A        B        C        D        E       F      G
               +--------+--------+--------+--------+--------+-----+--------+
         Total |   9513 |   9179 |    334 |    345 |   6758 |  10 |  951.3 |
       Dungeon |   9205 |   8928 |    277 |    345 |   6509 |   9 | 1022.8 |
        Temple |    307 |    250 |     57 |      0 |    249 |   1 |  307.0 |
               +--------+--------+--------+--------+--------+-----+--------+

Top non-repeatable levels by time:
     D:4: 1744 daAuts
     D:6: 1144 daAuts
     D:7: 1143 daAuts
     D:1: 1097 daAuts
     D:2: 1034 daAuts
     D:3: 1003 daAuts
     D:5: 921 daAuts
     D:8: 791 daAuts
     D:9: 324 daAuts
  Temple: 307 daAuts
